Map: Nightshade LE

Players

Droku

  • Race: Terran Terran
  • League: Master
  • Spawn Location: 5:00

MikeHawk - Winner!

  • Race: Terran Terran
  • League: Master
  • Spawn Location: 11:00

VOD

Have the link to the VOD?

Description

Time

  • Played on: Dec. 18, 2019, 2:31 p.m.
  • Length: 8:38
Show
View Real Time Build Order
Export as new Build Order

Droku Terran 

Build Orders: Gas First Reaper Expand 

Get SALT Encoding   

  12  0:01  SCV  
  13  0:13  SCV  
  14  0:17  Supply Depot  
  14  0:25  SCV  
  15  0:30  Refinery  
  15  0:39  SCV  
  16  0:44  Barracks  
  16  0:51  SCV  
  17  1:03  SCV  
  18  1:15  SCV  
  19  1:32  Orbital Command, Reaper  
  20  1:45  Command Center  
  20  1:56  Factory  
  20  1:59  SCV  
  21  2:05  Marine  
  22  2:12  SCV  
  22  2:14  Supply Depot  
  23  2:20  Refinery  
  23  2:23  Barracks Reactor  
  23  2:35  SCV  
  24  2:41  Hellion  
  26  2:44  Starport  
  26  2:47  SCV  
  27  2:57  Orbital Command  
  27  2:59  SCV  
  27  3:00  Marine x2  
  27  3:04  Factory Tech Lab  
  30  3:12  SCV  
  31  3:18  Marine x2  
  33  3:22  SCV, Medivac  
  33  3:26  Cyclone  
  39  3:28  SCV  
  40  3:35  SCV  
  40  3:38  Supply Depot  
  40  3:39  Marine x2  
  40  3:40  SCV  
  44  3:47  SCV  
  45  3:52  SCV  
  46  3:59  SCV  
  49  4:04  Engineering Bay  
  49  4:05  SCV, Supply Depot  
  49  4:06  Siege Tank  
  49  4:09  Starport Tech Lab  
  51  4:12  SCV  
  51  4:15  Refinery  
  52  4:17  SCV, Supply Depot  
  52  4:24  SCV  
  54  4:26  Barracks  
  54  4:28  Supply Depot  
  54  4:29  SCV  
  54  4:30  Terran Infantry Weapons Level 1  
  55  4:36  SCV  
  56  4:41  SCV  
  57  4:48  SCV  
  58  4:53  SCV, Command Center  
  58  4:59  Supply Depot  
  59  5:00  SCV  
  59  5:01  Raven  
  59  5:05  SCV  
  63  5:11  Factory Tech Lab  
  63  5:12  SCV  
  64  5:17  Refinery  
  64  5:18  SCV  
  65  5:22  Stimpack, Supply Depot, Marine  
  65  5:24  SCV  
  67  5:29  Barracks  
  67  5:30  SCV  
  67  5:31  Siege Tank  
  67  5:32  Marine x2  
  73  5:36  SCV  
  73  5:40  Marine  
  73  5:42  SCV  
  76  5:48  SCV  
  77  5:50  Marine  
  77  5:52  Supply Depot x2  
  77  5:54  SCV  
  79  5:58  Armory  
  79  6:00  SCV  
  79  6:01  Engineering Bay  
  80  6:06  SCV  
  80  6:07  Siege Tank  
  83  6:12  Orbital Command  
  83  6:13  SCV  
  83  6:16  Marine  
  83  6:17  Barracks Reactor  
  83  6:18  SCV  
  86  6:20  Marine  
  86  6:21  Marine  
  86  6:33  Orbital Command  
  86  6:35  SCV x2  
  86  6:37  Terran Infantry Armor Level 1  
  88  6:47  SCV x2  
  88  6:50  Marine  
  88  6:51  Marine x2  
  88  6:52  Siege Tank  
  96  6:59  SCV x2  
  98  7:02  Combat Shield  
  98  7:08  SCV, Marine  
  98  7:11  SCV  
  98  7:12  SCV  
  98  7:15  Barracks  
  102  7:16  Barracks  
  102  7:18  Barracks  
  102  7:20  SCV  
  102  7:21  Refinery, Marine x3  
  102  7:22  Refinery  
  106  7:23  SCV  
  106  7:24  SCV  
  106  7:27  Supply Depot  
  106  7:28  Supply Depot  
  108  7:32  SCV  
  108  7:33  Marine x2  
  108  7:35  SCV  
  108  7:36  SCV  
  113  7:39  Marine x2  
  113  7:40  Siege Tank  
  116  7:45  SCV  
  116  7:46  Marine  
  116  7:47  Supply Depot  
  116  7:48  SCV x2  
  116  7:50  Marine  
  121  7:56  Factory  
  121  7:57  Missile Turret  
  121  8:00  SCV x2  
  121  8:02  Marine  
  121  8:03  Missile Turret, Marine x2  
  121  8:05  Barracks Reactor x3  
  129  8:14  Marine x2, Sensor Tower  
  129  8:16  Sensor Tower  
Show
View Real Time Build Order
Export as new Build Order

MikeHawk Terran - Winner!

Build Orders: Gas First Reaper Expand 

Get SALT Encoding   

  12  0:00  SCV  
  13  0:12  SCV  
  14  0:17  Supply Depot  
  14  0:25  SCV  
  15  0:29  Refinery  
  15  0:39  SCV  
  16  0:44  Barracks  
  16  0:51  SCV  
  17  1:03  SCV  
  18  1:15  SCV  
  19  1:31  Orbital Command, Reaper  
  20  1:44  Command Center  
  20  1:53  Factory  
  20  1:57  SCV  
  21  2:07  Barracks Reactor  
  21  2:09  SCV  
  21  2:14  Supply Depot  
  22  2:16  Refinery  
  22  2:21  SCV  
  23  2:35  SCV  
  24  2:43  Starport  
  24  2:44  Marine x2, Hellion  
  24  2:48  SCV  
  29  2:56  Orbital Command  
  29  3:00  SCV  
  29  3:02  Marine x2  
  32  3:06  Factory Tech Lab  
  32  3:12  SCV  
  33  3:20  Marine x2  
  33  3:22  SCV  
  33  3:24  SCV  
  37  3:29  Cyclone, Starport Tech Lab  
  41  3:34  SCV  
  41  3:35  Supply Depot  
  41  3:36  SCV  
  41  3:39  Marine x2  
  44  3:46  SCV  
  46  3:48  SCV  
  45  3:55  Supply Depot  
  45  3:57  Raven  
  45  3:58  SCV  
  45  3:59  Marine x2  
  45  4:00  SCV  
  51  4:10  SCV  
  51  4:12  SCV  
  51  4:14  Supply Depot  
  53  4:17  Siege Tank  
  53  4:22  SCV, Marine x2  
  59  4:24  SCV  
  59  4:29  Command Center  
  60  4:34  SCV  
  60  4:36  SCV  
  61  4:46  SCV  
  61  4:49  Barracks, SCV, Starport Reactor  
  61  4:50  Barracks  
  61  4:51  Stimpack  
  63  4:54  Supply Depot  
  63  4:57  Refinery  
  63  4:58  Refinery  
  63  5:01  Command Center  
  63  5:10  SCV x2, Siege Tank  
  63  5:11  Marine  
  69  5:18  Engineering Bay  
  69  5:22  Engineering Bay, SCV x2  
  71  5:29  Marine  
  71  5:34  SCV x2, Starport Reactor  
  74  5:38  Supply Depot x2  
  74  5:48  Terran Infantry Weapons Level 1, Terran Infantry Armor Level 1, Siege Tank  
  77  5:50  SCV  
  78  5:59  SCV, Marine x5  
  78  6:02  SCV  
  85  6:12  Medivac  
  85  6:13  Medivac  
  85  6:14  Orbital Command  
  85  6:15  SCV x2  
  91  6:19  Marine  
  91  6:20  Marine x4  
  96  6:26  Siege Tank  
  96  6:30  SCV  
  96  6:31  Combat Shield, SCV  
  98  6:35  Barracks  
  98  6:42  Barracks  
  98  6:45  SCV x2  
  100  6:50  Orbital Command  
  100  6:57  SCV x2  
  100  6:58  Marine  
  100  6:59  Marine x4  
  107  7:09  SCV x2  
  107  7:11  Supply Depot  
  107  7:13  Supply Depot  
  107  7:14  Armory  
  109  7:16  Supply Depot  
  109  7:30  SCV, Marine  
  109  7:31  Barracks Reactor  
  109  7:32  SCV x2, Medivac x2, Marine x2  
  109  7:35  Siege Tank, Marine  
  122  7:41  Barracks Reactor  
  122  7:42  SCV  
  122  7:44  SCV x2  
  122  7:48  Marine  
  122  7:50  Marine x2  
  128  7:52  Marine  
  128  7:54  SCV  
  128  7:56  SCV  
  128  7:57  SCV  
  129  7:58  Factory  
  129  8:03  Barracks Reactor, Refinery x2  
  129  8:05  Supply Depot  
  129  8:06  SCV, Marine  
  129  8:07  Supply Depot  
  129  8:08  Marine x2  
  133  8:13  Marine  
Tags
 
Add a new tag
Caveats
  • Supply blocks, unpowered buildings, or Contaminate may cause inaccurate times.
  • Supply counts are checked every 10 seconds.